 Dungeon Crawl Stone Soup version 0.32-a0-630-g46d191b0ed (webtiles) character file.

Game seed: 15053461013138278233

5132 Malificent the Cleaver (level 10, -12/81 HPs)
             Began as a Mountain Dwarf Artificer on Mar 2, 2024.
             Was a Follower of Qazlal.
             Killed from afar by Erica (18 damage)
             ... with a bolt of poison
             ... on level 8 of the Dungeon on Mar 6, 2024.
             The game lasted 00:32:42 (8953 turns).

Malificent the Cleaver (Mountain Dwarf Artificer)   Turns: 8953, Time: 00:32:43

Health: -12/81     AC: 13    Str: 19    XL:     10   Next: 33%
Magic:  12/12      EV:  8    Int: 15    God:    Qazlal [*.....]
Gold:   212        SH: 13    Dex:  9    Spells: 12/12 levels left

rFire   . . .        q - +0 broad axe (flame)
rCold   . . .        w - +0 tower shield
rNeg    . . .        g - +0 acid dragon scales
rPois   .            (no helmet)
rElec   .            f - +0 cloak
rCorr   +            (no gloves)
SInv    .            E - +2 pair of boots
Will    +....        (no amulet)
Stlth   +            (no ring)
HPRegen 0.33/turn    (no ring)
MPRegen 0.13/turn

%: no passive effects
@: lethally poisoned (-12 -> -63)
A: runic magic, artefact enchanting, claws 1, clever 1
a: Renounce Religion


You were on level 8 of the Dungeon.
You worshipped Qazlal.
Qazlal was aware of your devotion.
You visited 2 branches of the dungeon, and saw 9 of its levels.
You also visited: Sewer.

You collected 459 gold pieces.
You spent 247 gold pieces at shops.

Inventory:

Hand Weapons
 a - a +0 heavy club
 q - a +0 broad axe of flaming (weapon)
 v - a +2 heavy war axe
 x - a +0 morningstar
Armour
 f - a +0 cloak (worn)
 g - +0 acid dragon scales (worn)
 j - an orb of light
 w - a +0 tower shield (worn)
 y - a +0 kite shield
 E - a +2 pair of boots (worn)
Jewellery
 e - a ring of fire
 h - a ring of fire
Talismans
 k - a talisman of death
Wands
 c - a wand of mindburst (1)
 l - a wand of flame (19)
 s - a wand of digging (6)
Scrolls
 b - a scroll of brand weapon
 d - 2 scrolls of fog
 i - a scroll of enchant armour {unknown}
 m - a scroll of vulnerability
 r - 5 scrolls of teleportation
 u - 2 scrolls of revelation {unknown}
 B - a scroll of amnesia
 D - a scroll of torment
Potions
 n - a potion of lignification
Miscellaneous
 C - a phial of floods (inert) (quivered)


   Skills:
 + Level 5.3 Fighting
 + Level 9.3 Axes
 + Level 1.2(5.9) Maces & Flails
 * Level 8.4 Armour
 + Level 2.6 Dodging
 - Level 1.1 Stealth
 + Level 3.6 Shields
 * Level 1.9 Spellcasting
 * Level 2.8 Necromancy
 * Level 1.5 Earth Magic
 * Level 3.2 Invocations
 * Level 7.7 Evocations


You had 12 spell levels left.
You didn't know any spells.
Your spell library contained the following spells:

 Spells                   Type           Power      Damage    Failure   Level
 Necrotise                Necr           40%        1d6       52%         1
 Sandblast                Erth           12%        2d6       71%         1
 Apportation              Tloc           2%         N/A       89%         1
 Foxfire                  Conj/Fire      4%         2x1d4     89%         1
 Sting                    Conj/Alch      4%         1d3       89%         1
 Summon Small Mammal      Summ           4%         N/A       89%         1
 Cigotuvi's Dreadful Rot  Necr/Alch/Air  8%         N/A       89%         2
 Searing Ray              Conj           2%         2d4       96%         2
 Passwall                 Erth           6%         N/A       97%         3
 Hailstorm                Conj/Ice       1%         3d5       99%         3
 Stone Arrow              Conj/Erth      6%         3d7       99%         3
 Dispel Undead            Necr           10%        3d9       99%         4
 Brom's Barrelling Bould  Conj/Erth      3%         2d3       100%        4
 Martyr's Knell           Necr/Summ      5%         N/A       100%        4
 Death Channel            Necr           5%         N/A       100%        6
 Plasma Beam              Fire/Air       0%         2x1d10    100%        6
 Starburst                Conj/Fire      0%         6d3       100%        6
 Haunt                    Necr/Summ      2%         N/A       100%        7
 Malign Gateway           Summ/Tloc      0%         N/A       100%        7
 Summon Hydra             Summ           0%         N/A       100%        7
 Borgnjor's Revivificati  Necr           5%         N/A       100%        8
 Death's Door             Necr           5%         N/A       100%        9


Dungeon Overview and Level Annotations

Branches:
Dungeon (8/15)             Temple (1/1) D:6           Sewer (visited)
   Lair: D:8-11

Altars:
Ashenzari
Dithmenos
Elyvilon
Fedhas
Hepliaklqana
Kikubaaqudgha
Makhleb
Nemelex Xobeh
Okawaru
Qazlal
Ru
Sif Muna
Uskayaw
Vehumet
Wu Jian
Xom
Yredelemnul
Zin
The Shining One

Shops:
D:7 [

Annotations:
D:8 Erica


Innate Abilities, Weirdness & Mutations

Your spellcasting is much less encumbered by armour.
You can use scrolls of enchantment on lesser artefacts.
You have sharp fingernails.
Your mind is acute. (Int +4, Str/Dex -1)


Message History

You are poisoned.
You feel very sick.
You feel sick. You block the wolf's attack.
You feel sick. The wolf attacks as it pursues you! The wolf bites you.
You barely miss the wolf.
You feel sick.
The wolf is engulfed in freezing vapours.
The wolf bites you.
The wolf is engulfed in freezing vapours.
The wolf bites you but does no damage.
The wolf is engulfed in freezing vapours.
You kill the wolf!
Qazlal accepts your kill.
You feel sick.
You feel sick.
Items here: ( ) ††.
Found a stone staircase leading down.
You feel sick.
The kobold brigand throws a poisoned dart.
The poisoned dart closely misses you.
You feel sick.
You are no longer poisoned.
Erica the Fiery-Tempered comes into view.
She is wielding a +2 scimitar of flaming.
Erica casts a spell at you. The bolt of poison hits you!
You are poisoned.
As you read the scroll of teleportation, it crumbles to dust.
You feel strangely unstable.
You feel very sick.
Erica stares at you and mumbles some strange words.
The bolt of poison hits you!
You are lethally poisoned!
* * * LOW HITPOINT WARNING * * *
You feel strangely stable.
You feel magically purged.
* * * LOW HITPOINT WARNING * * *
You feel extremely sick.
Erica stares at you and mumbles some strange words.
The bolt of poison hits you!!
You are more poisoned.
You die...
Erica begins burbling mirthfully and uncontrollably.

... .. .. #
########. #.#
#........ ...##
.##.......###x.....
. . ...>....Y.@...#
..
..##.##.#..####.#
... ..........#
#... #....#.##
.....###..K.).#
#......###..###
..#...#..†K.#
.....K.##K..#
....K.# #...#


You could see Erica, an ice beast and a kobold.

Vanquished Creatures
  A two-headed ogre (D:7)
  A rime drake (D:8)
  Maggie (D:7)
  A kobold demonologist (D:6)
  A troll (D:6)
  2 wyverns
  Duvessa (D:7)
  A water moccasin (D:7)
  A black bear (D:6)
  2 sky beasts (D:7)
  An orc warrior (D:8)
  5 ice beasts
  A wolf (D:8)
  3 phantoms
  5 bullfrogs
  6 scorpions
  4 wights (D:7)
  Dowan (D:7)
  A howler monkey (D:7)
  2 bombardier beetles (D:6)
  A gnoll bouda (D:5)
  4 hounds (D:6)
  4 jellies
  3 orc priests (D:7)
  4 sleepcaps
  2 iguanas
  5 orc wizards
  2 gnolls (D:5)
  2 river rats (Sewer)
  8 adders
  3 shadow imps (D:6)
  An ufetubus (D:6)
  4 ribbon worms (D:3)
  2 dart slugs
  15 orcs
  3 bats
  7 endoplasms
  A giant cockroach (D:3)
  A goblin (D:2)
  5 hobgoblins
  12 ball pythons
  6 frilled lizards
  4 kobolds
  16 rats
  A spectral kobold (D:6)
157 creatures vanquished.

Vanquished Creatures (collateral kills)
  A gnoll (D:5)
  A river rat (Sewer)
  A dart slug (D:4)
  3 orcs (D:4)
  2 ball pythons (Sewer)
  3 rats (Sewer)
11 creatures vanquished.

Vanquished Creatures (others)
  A scorpion (D:5)
  An adder (Sewer)
  A river rat (Sewer)
  An orc (D:5)
  3 ball pythons (Sewer)
7 creatures vanquished.

Grand Total: 175 creatures vanquished

Notes
Turn   | Place    | Note
-------+----------+-------------------------------------------
     0 | D:1      | Malificent the Mountain Dwarf Artificer began the quest for
                  | the Orb.
     0 | D:1      | Reached XP level 1. HP: 16/16 MP: 1/1
   297 | D:1      | Reached XP level 2. HP: 22/23 MP: 2/2
   983 | D:2      | Reached skill level 1 in Maces & Flails
  1021 | D:2      | Found a faded altar of an unknown god.
  1474 | D:3      | Reached XP level 3. HP: 25/25 MP: 3/3
  1513 | D:3      | Found an ornate altar of the Wu Jian Council.
  1679 | D:3      | Reached skill level 1 in Dodging
  1728 | D:3      | Found a glowing drain.
  1736 | Sewer    | Entered a sewer
  1874 | Sewer    | Reached XP level 4. HP: 36/36 MP: 4/4
  1953 | Sewer    | Reached skill level 1 in Axes
  2096 | Sewer    | Noticed a bullfrog
  2097 | Sewer    | Noticed a bullfrog
  2101 | Sewer    | Killed a bullfrog
  2102 | Sewer    | Reached skill level 2 in Axes
  2102 | Sewer    | Reached XP level 5. HP: 41/41 MP: 5/5
  2760 | D:3      | Reached skill level 1 in Stealth
  2760 | D:3      | Reached XP level 6. HP: 48/48 MP: 6/6
  4016 | D:5      | Entered Level 5 of the Dungeon
  4035 | D:5      | Reached skill level 3 in Axes
  4134 | D:5      | Got Nicvodeu's Handbook of the Boggart and Battle Magic
  4161 | D:5      | Found a hide-covered altar of Uskayaw.
  4176 | D:5      | Reached skill level 5 in Armour
  4176 | D:5      | Reached skill level 5 in Evocations
  4247 | D:5      | Found a blossoming altar of Fedhas.
  4585 | D:5      | Reached XP level 7. HP: 56/56 MP: 7/7
  4983 | D:5      | Reached skill level 4 in Axes
  5338 | D:6      | Found a staircase to the Ecumenical Temple.
  5345 | Temple   | Entered the Ecumenical Temple
  5354 | Temple   | Became a worshipper of Qazlal Stormbringer
  5404 | D:6      | Found a shadowy altar of Dithmenos.
  5469 | D:6      | Gained mutation: Your muscles are strong. (Str +4, Int/Dex
                  | -1) [potion of mutation]
  5469 | D:6      | Gained mutation: You occasionally shout uncontrollably at
                  | your foes. [potion of mutation]
  5469 | D:6      | Gained mutation: Your body sometimes deteriorates upon
                  | taking damage. [potion of mutation]
  5470 | D:6      | Lost mutation: You occasionally shout uncontrollably at
                  | your foes. [potion of mutation]
  5470 | D:6      | Lost mutation: Your body sometimes deteriorates upon taking
                  | damage. [potion of mutation]
  5470 | D:6      | Lost mutation: Your muscles are strong. (Str +4, Int/Dex
                  | -1) [potion of mutation]
  5470 | D:6      | Gained mutation: Your movements are slightly less
                  | encumbered by armour. (ER -2) [potion of mutation]
  5470 | D:6      | Gained mutation: Your flesh is cold resistant. (rC+)
                  | [potion of mutation]
  5470 | D:6      | Gained mutation: You are occasionally teleported next to
                  | monsters. [potion of mutation]
  5637 | D:6      | Found a radiant altar of Vehumet.
  5650 | D:6      | Found a hazy altar of Hepliaklqana.
  6022 | D:6      | Noticed a kobold demonologist
  6023 | D:6      | Noticed a troll
  6024 | D:6      | Noticed an ice devil
  6285 | D:6      | Noticed a ynoxinul
  6287 | D:6      | Noticed a smoke demon
  6290 | D:6      | Noticed a hellwing
  6299 | D:6      | Killed a kobold demonologist
  6300 | D:6      | Reached skill level 5 in Axes
  6300 | D:6      | Reached skill level 1 in Shields
  6300 | D:6      | Reached XP level 8. HP: 52/64 MP: 8/8
  6410 | D:6      | Reached skill level 6 in Axes
  6656 | D:6      | Killed a troll
  6692 | D:6      | Reached XP level 9. HP: 38/71 MP: 9/9
  6698 | D:6      | Reached skill level 7 in Axes
  6899 | D:7      | Noticed Maggie
  6922 | D:7      | Killed Maggie
  7095 | D:7      | Found a white marble altar of Elyvilon.
  7290 | D:7      | Lost mutation: Your movements are slightly less encumbered
                  | by armour. (ER -2) [potion of mutation]
  7290 | D:7      | Lost mutation: You are occasionally teleported next to
                  | monsters. [potion of mutation]
  7290 | D:7      | Lost mutation: Your flesh is cold resistant. (rC+) [potion
                  | of mutation]
  7290 | D:7      | Gained mutation: You have sharp fingernails. [potion of
                  | mutation]
  7290 | D:7      | Gained mutation: Your mind is acute. (Int +4, Str/Dex -1)
                  | [potion of mutation]
  7341 | D:7      | Reached skill level 8 in Axes
  7582 | D:7      | Reached * piety under Qazlal
  7638 | D:7      | Noticed a two-headed ogre
  7650 | D:7      | Killed a two-headed ogre
  7651 | D:7      | Reached skill level 5 in Fighting
  7651 | D:7      | Reached skill level 1 in Spellcasting
  7651 | D:7      | Reached skill level 1 in Necromancy
  7987 | D:7      | Upgraded the game from 0.32-a0-576-g706899e69d to
                  | 0.32-a0-630-g46d191b0ed
  8049 | D:7      | Noticed Duvessa
  8049 | D:7      | Noticed Dowan
  8054 | D:7      | Killed Dowan
  8055 | D:7      | Reached XP level 10. HP: 69/81 MP: 11/11
  8063 | D:7      | Killed Duvessa
  8492 | D:7      | Found Tataorgh's Armour Emporium.
  8497 | D:7      | Bought a +2 pair of boots for 247 gold pieces
  8570 | D:8      | Reached skill level 9 in Axes
  8665 | D:8      | Reached skill level 1 in Earth Magic
  8950 | D:8      | Noticed Erica
  8953 | D:8      | Killed from afar by Erica

Illustrated notes

Levels and vault maps discovered:
D:1:      psy_arrival_fountain, layout_basic
D:2:      layout_basic, ebering_ecumenical_altar_webs
D:3:      layout_basic, mainiacjoe_overflow_alcove_4, lightli_sewer_entry_pipes
D:4:      layout_basic
D:5:      layout_cave_pools, mainiacjoe_overflow_catch_the_wave,
          chequers_hall_statues_wall_a, minmay_crystal_room
D:6:      kennysheep_windowed_halls, layout_rooms, amcnicky_altar_gilded,
          nicolae_vehumet_altar_sigil, nicolae_hepliaklqana_monster_ancestors,
          temple_green, amcnicky_mini_corridor_feature
D:7:      layout_basic, elyvilon_altar_5, serial_shops, shop,
          corexii_item_surrounded_by_moat, nicolae_nh_ransacked_shop,
          uniq_duvessa, uniq_maggie
D:8:      layout_loops_cross, cheibriados_altar_1, hellmonk_lair_entry_icy,
          serial_shops, shop, minivault_25, uniq_erica
Temple:   hellmonk_temple_two_chambers

Skill      XL: |  1  2  3  4  5  6  7  8  9 10 |
---------------+-------------------------------+-----
Maces & Flails | 1 |  1.2
Dodging        | 1 2 |  2.6
Armour         | 3 4 5 6 7 8 |  8.4
Evocations     | 4 5 6 7 |  7.7
Fighting       | 2 3 4 5 |  5.3
Axes           | 2 3 5 6 8 9 |  9.3
Stealth        | 1 |  1.1
Shields        | 1 2 3 |  3.6
Spellcasting   | 1 |  1.9
Necromancy     | 2 |  2.8
Invocations    | 2 3 |  3.2
Earth Magic    | 1 |  1.5

Action                     |  1- 3 |  4- 6 |  7- 9 | 10-12 || total
---------------------------+-------+-------+-------+-------++-------
  Melee: Club              |    93 |       |       |       ||    93
         Broad axe         |    38 |    32 |   230 |    61 ||   361
         War axe           |       |    27 |    18 |       ||    45
  Evoke: Wand              |    10 |    21 |    14 |     1 ||    46
         Phial of floods   |       |       |     3 |       ||     3
    Use: Scroll            |     6 |     8 |     4 |     4 ||    22
         Potion            |       |     1 |    14 |     2 ||    17
   Stab: Invisible         |       |       |     2 |       ||     2
 Armour: Leather armour    |    64 |       |       |       ||    64
         Scale mail        |    56 |    89 |   185 |       ||   330
         Acid dragon scale |       |       |    61 |    38 ||    99
         Skin              |       |       |     8 |       ||     8
  Dodge: Dodged            |    98 |    38 |   128 |    16 ||   280
  Block: Kite shield       |       |       |    98 |       ||    98
         Tower shield      |       |       |     2 |    50 ||    52

Table legend: (Time is in decaauts)
 A = Elapsed time spent in this place.
 B = Non-inter-level travel time spent in this place.
 C = Inter-level travel time spent in this place.
 D = Time resting spent in this place.
 E = Time spent auto-exploring this place.
 F = Levels seen in this place.
 G = Mean time per level.
                   A        B        C        D        E       F      G
               +--------+--------+--------+--------+--------+-----+--------+
         Total |   9228 |   9005 |    223 |   2563 |   4121 |  10 |  922.8 |
       Dungeon |   8373 |   8159 |    214 |   2016 |   4061 |   8 | 1046.6 |
        Temple |     18 |      9 |      9 |      0 |      0 |   1 |   18.0 |
         Sewer |    836 |    836 |      0 |    547 |     59 |   1 |  836.0 |
               +--------+--------+--------+--------+--------+-----+--------+

Top non-repeatable levels by time:
     D:7: 1698 daAuts
     D:6: 1618 daAuts
     D:5: 1308 daAuts
     D:3: 1002 daAuts
     D:4: 856 daAuts
   Sewer: 836 daAuts
     D:1: 826 daAuts
     D:2: 640 daAuts
     D:8: 422 daAuts
  Temple: 18 daAuts
